 Dungeon Crawl Stone Soup version 0.32-a0-872-g59262bdc9b (webtiles) character file.

Game seed: 15494291732883731573

180 Autsider the Shield-Bearer (level 5, -1/53 HPs)
             Began as a Troll Fighter on Mar 30, 2024.
             Slain by a cerulean imp
             ... wielding a +2 spear
             ... summoned by Natasha
              (5 damage)
             ... on level 3 of the Dungeon.
             The game lasted 00:06:31 (2393 turns).

Autsider the Shield-Bearer (Troll Fighter)          Turns: 2393, Time: 00:06:32

Health: -1/53      AC:  4    Str: 30    XL:     5   Next: 33%
Magic:  4/4        EV:  8    Int:  4    God:
Gold:   140        SH:  8    Dex: 11    Spells: 3/5 levels left

rFire   . .          .
                       - Unarmed
rCold   . . .        b - +0 kite shield
rNeg    . . .        a - +0 robe
rPois   .            (helmet restricted)
rElec   .            (no cloak)
rCorr   .            (gloves unavailable)
SInv    +            (boots unavailable)
Will    .....        (no amulet)
Stlth   +            f - +6 ring of strength
HPRegen 1.08/turn    j - ring of see invisible
MPRegen 0.09/turn

%: no passive effects
@: no status effects
A: large, unfitting armour, claws 3, regeneration 1, shaggy fur 1, tough skin 1
a: no special abilities


You were on level 3 of the Dungeon.
You visited 1 branch of the dungeon, and saw 4 of its levels.

You collected 140 gold pieces.

Inventory:

Armour
 a - a +0 robe (worn)
 b - a +0 kite shield (worn)
Jewellery
 f - a +6 ring of strength (left claw)
 j - a ring of see invisible (right claw)
Wands
 m - a wand of quicksilver (7)
Scrolls
 g - 2 scrolls of identify {unknown}
 i - a scroll of summoning {unknown}
 n - a scroll of enchant armour {unknown}
Potions
 c - a potion of might
 e - 2 potions of lignification {unknown}
 h - a potion of resistance {unknown}
 k - a potion of ambrosia {unknown}
 l - a potion of invisibility {unknown}
 o - a potion of haste {unknown}
 p - a potion of heal wounds {unknown}


   Skills:
 + Level 3.0 Fighting
 + Level 3.0 Dodging
 + Level 3.4 Shields
 * Level 3.3 Unarmed Combat
 + Level 0.5 Spellcasting
 + Level 0.9 Translocations


You had 3 spell levels left.
You knew the following spells:

 Your Spells              Type           Power      Damage    Failure   Level
z - Blink                 Tloc           0%         N/A       71%         2

Your spell library contained the following spells:

 Spells                   Type           Power      Damage    Failure   Level
 Magic Dart               Conj           0%         1d3       71%         1
 Slow                     Hex            0%         N/A       71%         1
 Sting                    Conj/Alch      0%         1d3       71%         1
 Call Imp                 Summ           0%         N/A       83%         2
 Mercury Vapours          Alch/Air       0%         N/A       83%         2
 Confusing Touch          Hex            0%         N/A       97%         3
 Vampiric Draining        Necr           0%         2d6       97%         3
 Olgreb's Toxic Radiance  Alch           0%         N/A       100%        4


Dungeon Overview and Level Annotations

Branches:
Dungeon (4/15)
 Temple: D:4-7

Altars:
Ashenzari
Hepliaklqana
Makhleb

Annotations:
D:3 2 transporters, Natasha; Sigmund; Xoff's ghost, amateur MiFi


Innate Abilities, Weirdness & Mutations

You are too large for most types of armour.
You have claws for hands.
Your natural rate of healing is unusually fast.
You are covered in fur. (AC +1)
You have tough skin. (AC +1)


Message History

Natasha is lightly wounded.
Natasha mumbles some strange words.
The cerulean imp hits you but does no damage.
The gnoll hits you with a +2 flail of protection!
* * * LOW HITPOINT WARNING * * *
You block the gnoll's attack. Natasha casts a spell at you.
You resist with some effort. You block the cerulean imp's attack.
The gnoll hits you with a +2 flail of protection!
* * * LOW HITPOINT WARNING * * *
You block the cerulean imp's attack.
The gnoll hits you from afar with a +0 spear.
* * * LOW HITPOINT WARNING * * *
You climb upwards.
The cerulean imp disappears in a puff of smoke! x2
Level annotation: 2 transporters, Sigmund; Xoff's ghost, amateur MiFi
There is a stone staircase leading down here.
Okay, then.
You scratch the gnoll.
The gnoll is heavily wounded.
You block Natasha's attack. The gnoll closely misses you.
You scratch the gnoll.
The gnoll is heavily wounded.
You block Natasha's attack. You block the gnoll's attack.
You claw the gnoll!
You kill the gnoll!
Natasha stares at you and mumbles some strange words.
The magic dart hits you.
* * * LOW HITPOINT WARNING * * *
Natasha is nearby!
Natasha is nearby!
Natasha is nearby!
You claw Natasha!
Natasha is almost dead.
Natasha casts a spell.
You barely miss Natasha.
Natasha is almost dead.
Natasha mumbles some strange words.
The cerulean imp hits you with a +2 spear.
You die...

####### ### #.....# ..# #.###.#
#.# ### #.# #.#
#.####.#########.###.#
#..##...##......<..#.#
...#.....#.#####.#.#.#
##.##...##.# #5#.#.# ###
...........# #@#.#.# #..
##.###.##### #h.5..# #[# ##.# #.#
###.### #.# .#.###รท## #.# ###.#
...##...## #.# #...# .###.....##
###.## #.### .##.......##
##....## #..##
>#.........####......########...#
.+.........'.....................


You could see Natasha and 2 cerulean imps.

Vanquished Creatures
  An orc wizard (D:3)
  Natasha (D:4)
  3 gnolls
  3 adders
  5 dart slugs
  A ribbon worm (D:3)
  4 orcs (D:3)
  4 endoplasms
  2 giant cockroaches
  5 goblins
  4 hobgoblins
  4 jackals (D:3)
  A quokka (D:1)
  6 ball pythons
  4 bats
  3 frilled lizards
  8 kobolds
  4 rats
63 creatures vanquished.

Notes
Turn   | Place    | Note
-------+----------+-------------------------------------------
     0 | D:1      | Autsider the Troll Fighter began the quest for the Orb.
     0 | D:1      | Reached XP level 1. HP: 22/22 MP: 0/0
   180 | D:1      | Reached XP level 2. HP: 28/29 MP: 1/1
   742 | D:2      | Reached XP level 3. HP: 36/36 MP: 2/2
  1033 | D:2      | Learned a level 2 spell: Blink
  1369 | D:3      | Noticed Sigmund
  1619 | D:3      | Reached XP level 4. HP: 30/44 MP: 3/3
  1651 | D:3      | Found a transporter.
  1653 | D:3      | Found a transporter.
  1654 | D:3      | Noticed Xoff's ghost (amateur MiFi)
  1656 | D:3      | Noticed an ogre
  1737 | D:3      | Found a broken altar of Ashenzari.
  1763 | D:3      | Found a hazy altar of Hepliaklqana.
  1925 | D:3      | Found a burning altar of Makhleb.
  2139 | D:3      | Found a faded altar of an unknown god.
  2342 | D:4      | Noticed Natasha
  2344 | D:4      | Killed Natasha
  2345 | D:4      | Reached XP level 5. HP: 53/53 MP: 4/4
  2351 | D:4      | Noticed Natasha
  2387 | D:4      | HP: 2/53 [gnoll/+2 flail of protection (7)]
  2393 | D:3      | Slain by a cerulean imp

Illustrated notes

Levels and vault maps discovered:
D:1:      saegor_arrival_fortress, layout_basic, skrybe_limestone_x
D:2:      layout_loops_ring, serial_forest, infiniplex_forest_lined_room_3,
          infiniplex_forest_straight_2, infiniplex_forest_end_1,
          infiniplex_forest_zigzag_1, infiniplex_forest_end_1,
          infiniplex_forest_clump_cross, infiniplex_forest_clump_tiny
D:3:      layout_loops_corners, lemuel_tele_altar, lemuel_doored_altar,
          overflow_temple_1_default, basic_ecumenical_altar,
          gammafunk_ghost_smash, uniq_sigmund
D:4:      layout_cave_pools, mainiacjoe_ossuary_entry_dusty_tomb, uniq_robin,
          uniq_ijyb, uniq_natasha

Skill      XL: |  1  2  3  4 |
---------------+-------------+-----
Shields        | 3 |  3.4
Unarmed Combat | 3 |  3.3
Dodging        | 3 |  3.0
Fighting       | 3 |  3.0
Spellcasting   | |  0.5
Translocations | |  0.9

Action                     |  1- 3 |  4- 6 || total
---------------------------+-------+-------++-------
  Melee: Unarmed           |   115 |    70 ||   185
    Use: Scroll            |       |     1 ||     1
   Stab: Sleeping          |     2 |       ||     2
 Armour: Robe              |    73 |    37 ||   110
  Dodge: Dodged            |    35 |    20 ||    55
  Block: Kite shield       |    30 |    31 ||    61

Table legend: (Time is in decaauts)
 A = Elapsed time spent in this place.
 B = Non-inter-level travel time spent in this place.
 C = Inter-level travel time spent in this place.
 D = Time resting spent in this place.
 E = Time spent auto-exploring this place.
 F = Levels seen in this place.
 G = Mean time per level.
                   A        B        C        D        E       F      G
               +--------+--------+--------+--------+--------+-----+--------+
         Total |   2403 |   2185 |    218 |     11 |   1750 |   4 |  600.8 |
       Dungeon |   2403 |   2185 |    218 |     11 |   1750 |   4 |  600.8 |
               +--------+--------+--------+--------+--------+-----+--------+

Top non-repeatable levels by time:
     D:3: 916 daAuts
     D:2: 846 daAuts
     D:1: 608 daAuts
     D:4: 31 daAuts
